 Dungeon Crawl Stone Soup version 0.27.1-33-g824d729ab1 (webtiles) character file.

Game seed: 12196844076724809482

206 lordive the Chopper (level 5, -3/47 HPs)
             Began as a Hill Orc Monk on Dec 27, 2021.
             Slain by a phantom (6 damage)
             ... on level 4 of the Dungeon.
             The game lasted 00:04:05 (3503 turns).

lordive the Chopper (Hill Orc Monk)                 Turns: 3503, Time: 00:04:06

Health: -3/47      AC:  5    Str: 15    XL:     5   Next: 84%
Magic:  5/5        EV: 11    Int: 10    God:
Gold:   148        SH:  0    Dex: 13    Spells: 4/4 levels left

rFire    . . .     SeeInvis .   a - +0 hand axe
rCold    . . .     Faith    .   (no shield)
rNeg     . . .     Spirit   .   h - +0 ring mail
rPois    .         Reflect  .   (no helmet)
rElec    .         Harm     .   (no cloak)
rCorr    .         Rampage  .   (no gloves)
Will     .....                  (no boots)
Stlth    +.........             (no amulet)
HPRegen  0.15/turn              (no ring)
MPRegen  0.09/turn              (no ring)

@: no status effects
A: no striking features
a: no special abilities


You were on level 4 of the Dungeon.
You visited 1 branch of the dungeon, and saw 4 of its levels.

You collected 148 gold pieces.

Inventory:

Hand Weapons
 a - a +0 hand axe (weapon)
Armour
 d - a +0 kite shield
 h - a +0 ring mail (worn)
Jewellery
 o - an amulet of regeneration
 q - a ring of poison resistance
Wands
 r - a wand of iceblast (8)
Scrolls
 e - 4 scrolls of identify {unknown}
 g - a scroll of magic mapping {unknown}
 i - a scroll of vulnerability {unknown}
 l - 2 scrolls of noise {unknown}
 m - 2 scrolls of immolation {unknown}
 t - a scroll of amnesia {unknown}
 u - a scroll of enchant armour {unknown}
Potions
 b - a potion of resistance {unknown}
 c - a potion of ambrosia {unknown}
 f - 2 potions of curing {unknown}
 j - a potion of attraction {unknown}
 k - a potion of degeneration {unknown}
 n - a potion of lignification {unknown}
 p - 2 potions of heal wounds {unknown}
 s - a potion of haste {unknown}


   Skills:
 + Level 4.8 Fighting
 + Level 6.2 Axes
 + Level 2.3 Armour
 + Level 2.8 Dodging
 + Level 1.8 Stealth


You had 4 spell levels left.
You didn't know any spells.
Your spell library contained the following spells:

 Spells                   Type           Power      Damage    Failure   Level
 Dazzling Flash           Conj/Hex       0%         N/A       91%         3
 Iskenderun's Mystic Bla  Conj/Tloc      0%         2d3       100%        4
 Starburst                Conj/Fire      0%         6d3       100%        6


Dungeon Overview and Level Annotations

Branches:
Dungeon (4/15)
 Temple: D:4-7

Altars:


Message History

You hit the phantom but do no damage.
The phantom is moderately damaged.
The phantom hits you but does no damage.
You hit the phantom.
The phantom is moderately damaged.
The phantom hits you.
You closely miss the phantom.
The phantom is moderately damaged.
The phantom hits you.
The phantom blinks!
You blink.
The phantom hits you but does no damage.
You barely miss the phantom.
The phantom is moderately damaged.
The phantom hits you.
* * * LOW HITPOINT WARNING * * *
You barely miss the phantom.
The phantom is moderately damaged.
The phantom hits you.
* * * LOW HITPOINT WARNING * * *
You hit the phantom but do no damage.
The phantom is moderately damaged.
The phantom hits you but does no damage.
You completely miss the phantom.
The phantom is moderately damaged.
The phantom hits you.
* * * LOW HITPOINT WARNING * * *
You hit the phantom.
The phantom is moderately damaged.
The phantom barely misses you.
You hit the phantom but do no damage.
The phantom is moderately damaged.
The phantom hits you but does no damage.
You hit the phantom but do no damage.
The phantom is moderately damaged.
The phantom hits you.
* * * LOW HITPOINT WARNING * * *
The phantom blinks!
You blink.
You closely miss the phantom.
The phantom is moderately damaged.
The phantom hits you.
You die...

... ... #.. ...
#.# ######.# #.#
......# #.# #...#
#.#### #.#<#+###
#....# ##.#.....#
#ยง...#.##.#.....#
#@..)..##.#.)...#
#W#.##.##.......#
#.#.########....#
#.#........'....#
#.##########....#
#...............#
#############+###


You could see a phantom.

Vanquished Creatures
  An orc priest (D:3)
  Jessica (D:2)
  7 adders
  A gnoll (D:2)
  2 worms (D:2)
  A dart slug (D:2)
  3 orcs
  7 ball pythons
  10 endoplasms
  A giant cockroach (D:2)
  9 goblins
  2 hobgoblins
  8 kobolds
  2 quokkas (D:2)
  4 bats (D:2)
  4 frilled lizards
  7 rats
70 creatures vanquished.

Notes
Turn   | Place    | Note
-------+----------+-------------------------------------------
     0 | D:1      | lordive the Hill Orc Monk began the quest for the Orb.
     0 | D:1      | Reached XP level 1. HP: 19/19 MP: 1/1
     2 | D:1      | Noticed an elf
     2 | D:1      | Noticed a spriggan
     4 | D:1      | Noticed a demigod
     4 | D:1      | Noticed a troll
     6 | D:1      | Noticed a draconian
     6 | D:1      | Noticed a minotaur
     8 | D:1      | Noticed a tengu
     8 | D:1      | Noticed a djinni
    11 | D:1      | Noticed an ogre
    11 | D:1      | Noticed a ghoul
    13 | D:1      | Noticed a vampire
    13 | D:1      | Noticed a gargoyle
    15 | D:1      | Noticed a demonspawn
    15 | D:1      | Noticed a palentonga
    17 | D:1      | Noticed a naga
    19 | D:1      | Noticed a barachi
    19 | D:1      | Noticed a vine stalker
    21 | D:1      | Noticed a felid
    23 | D:1      | Noticed a formicid
    23 | D:1      | Noticed an octopode
    25 | D:1      | Noticed a dwarf
    27 | D:1      | Noticed a merfolk
    27 | D:1      | Noticed a human
   280 | D:1      | Reached XP level 2. HP: 17/27 MP: 2/2
  1154 | D:2      | Reached XP level 3. HP: 21/33 MP: 3/3
  1330 | D:2      | Reached skill level 5 in Axes
  1584 | D:2      | Reached XP level 4. HP: 31/41 MP: 4/4
  1597 | D:2      | Reached skill level 1 in Armour
  1719 | D:2      | Found a faded altar of an unknown god.
  2107 | D:2      | Noticed Jessica
  2120 | D:2      | Killed Jessica
  2121 | D:2      | Reached XP level 5. HP: 41/47 MP: 5/5
  2247 | D:3      | Reached skill level 6 in Axes
  3469 | D:4      | Noticed a phantom
  3503 | D:4      | Slain by a phantom

Illustrated notes

Levels and vault maps discovered:
D:1:      kb_arrival_jail, layout_loops_ring
D:2:      layout_rooms, ebering_ecumenical_altar_webs, grunt_ministairs_14,
          minmay_small_reverse_x, uniq_jessica
D:3:      layout_loops_ring
D:4:      mumra_celtic_spiral_tile, layout_basic,
          nicolae_ru_the_path_less_chosen, serial_shops,
          nicolae_shop_overgrown_old_shop

Skill      XL: |  1  2  3  4  5 |
---------------+----------------+-----
Fighting       | 4 |  4.8
Axes           | 5 6 |  6.2
Armour         | 1 2 |  2.3
Dodging        | |  2.8
Stealth        | |  1.8

Action                   |  1- 3 |  4- 6 || total
-------------------------+-------+-------++-------
Melee: Hand axe          |    89 |   184 ||   273
 Stab: Sleeping          |       |     1 ||     1
Armor: Robe              |     6 |       ||     6
       Ring mail         |    34 |    54 ||    88
Dodge: Dodged            |    63 |    90 ||   153
